 Dungeon Crawl Stone Soup version 0.23-a0-319-gb40ba49 (webtiles) character file.

488 Garbasso the Shooter (level 6, 0/51 HPs)
             Began as a Centaur Arcane Marksman on Oct 14, 2018.
             Slain by a slave (4 damage)
             ... led by Pikel
             ... on level 4 of the Dungeon.
             The game lasted 00:20:24 (4943 turns).

Garbasso the Shooter (Centaur Arcane Marksman)      Turns: 4943, Time: 00:20:25

Health: 0/51       AC:  7    Str: 13    XL:     6   Next: 90%
Magic:  5/7        EV:  9    Int: 14    God:
Gold:   222        SH:  0    Dex:  9    Spells: 3/7 levels left

rFire    . . .     SeeInvis .   b - +1 dagger (venom)
rCold    + . .     Gourm    .   (no shield)
rNeg     . . .     Faith    .   e - +0 robe
rPois    .         Spirit   .   q - +0 helmet
rElec    .         Reflect  .   p - +0 cloak
rCorr    .         Harm     .   l - +0 pair of gloves
MR       .....                  (no barding)
Stlth    +.........             (no amulet)
HPRegen  0.17/turn              g - ring of protection from cold
MPRegen  0.10/turn              (no ring)

@: very slightly contaminated, very quick
A: large, hooves 3, deformed body, speed 2, tough skin 3
a: no special abilities


You were on level 4 of the Dungeon.
You were hungry.

You visited 1 branch of the dungeon, and saw 4 of its levels.

You collected 222 gold pieces.

Inventory:

Hand Weapons
 a - a +0 shortbow
 b - a +1 dagger of venom (weapon)
 o - a +4 quarterstaff of chaos
Missiles
 d - 12 arrows
Armour
 e - a +0 robe (worn)
 l - a +0 pair of gloves (worn)
 p - a +0 cloak (worn)
 q - a +0 helmet (worn)
Jewellery
 g - a ring of protection from cold (left hand)
Wands
 i - a wand of flame (12)
 s - a wand of polymorph (13)
Scrolls
 c - a scroll of teleportation
 u - a scroll of fog {unknown}
Potions
 h - a potion of flight {unknown}
 k - 2 potions of might
 m - a potion of magic {unknown}
 n - a potion of haste
 r - a potion of invisibility
 t - a potion of heal wounds {unknown}
Comestibles
 f - 6 rations


   Skills:
 + Level 3.6 Fighting
 * Level 7.3 Bows
 - Level 1.3 Dodging
 - Level 1.0 Spellcasting
 + Level 4.1 Hexes


You had 3 spell levels left.
You knew the following spells:

 Your Spells              Type           Power        Failure   Level  Hunger
a - Corona                Hex            ##.....      4%          1    ##.....
b - Inner Flame           Hex/Fire       #.......     32%         3    ####...

Your spell library contained the following spells:

 Spells                   Type           Power        Failure   Level  Hunger
 Slow                     Hex            ##......     7%          2    ###....
 Animate Skeleton         Necr           N/A          26%         1    ##.....
 Pain                     Necr           #...         26%         1    ##.....
 Portal Projectile        Hex/Tloc       #.....       32%         3    ####...
 Regeneration             Chrm/Necr      #.........   61%         3    ####...
 Vampiric Draining        Necr           #.........   61%         3    ####...
 Cause Fear               Hex            ##........   43%         4    #####..
 Leda's Liquefaction      Hex/Erth       #.........   73%         4    #####..
 Animate Dead             Necr           N/A          95%         4    #####..


Dungeon Overview and Level Annotations

Branches:
Dungeon (4/15)
 Temple: D:4-7

Altars:
Cheibriados
Hepliaklqana
Kikubaaqudgha
Uskayaw
The Shining One

Annotations:
D:4 Pikel


Innate Abilities, Weirdness & Mutations

You have hooves in place of feet.
Armour fits poorly on your strangely shaped body.
You cover ground very quickly.
You have extremely tough skin. (AC +3)


Message History

You see here an arrow.
d - 11 arrows (gained 1) Pikel cracks his whip.
The slave hits you.
* * * LOW HITPOINT WARNING * * *
You see here an arrow.
d - 12 arrows (gained 1)
The slave hits you but does no damage. The slave hits you.
* * * LOW HITPOINT WARNING * * *
The slave hits you but does no damage. The slave barely misses you.
Your +1 dagger of venom begins to drip with poison!
b - a +1 dagger of venom (weapon)
You hit the slave but do no damage. The slave hits you.
* * * LOW HITPOINT WARNING * * *
The slave barely misses you.
You closely miss the slave. Your kick misses the slave. The slave hits you.
* * * LOW HITPOINT WARNING * * *
The slave hits you.
You die...

######### #...llp@#
#.#####p### ##
#####......
##.#######(..K(....#.#
.........(...p.......#


You could see Pikel, 3 slaves, a leopard gecko and a frilled lizard.

Vanquished Creatures
  Sigmund (D:3)
  A crimson imp (D:4)
  3 orc wizards
  Crazy Yiuf (D:2)
  Jessica (D:2)
  An iguana (D:4)
  A worker ant (D:4)
  Robin (D:2)
  A shadow imp (D:3)
  An ooze (D:3)
  A worm (D:2)
  3 dart slugs
  2 leopard geckos
  6 orcs
  6 giant cockroaches
  14 goblins
  5 hobgoblins
  4 jackals (D:1)
  2 quokkas (D:2)
  8 bats
  4 frilled lizards
  3 goblin skeletons (D:4)
  A hobgoblin zombie (D:4)
  10 kobolds
  2 kobold skeletons (D:4)
  A kobold zombie (D:4)
  A leopard gecko skeleton (D:4)
  2 orc skeletons (D:4)
  An orc zombie (D:4)
  5 rats
93 creatures vanquished.

Vanquished Creatures (others)
  A human (D:2)
1 creature vanquished.

Grand Total: 94 creatures vanquished

Notes
Turn   | Place    | Note
-------+----------+-------------------------------------------
     0 | D:1      | Garbasso the Centaur Arcane Marksman began the quest for
                  | the Orb.
     0 | D:1      | Reached XP level 1. HP: 16/16 MP: 2/2
    38 | D:1      | Reached skill level 3 in Bows
   370 | D:1      | Reached XP level 2. HP: 22/23 MP: 3/3
  1629 | D:2      | Noticed Jessica
  1964 | D:2      | Reached XP level 3. HP: 27/29 MP: 4/4
  2001 | D:2      | Reached skill level 4 in Bows
  2062 | D:2      | Learned a level 3 spell: Inner Flame
  2291 | D:2      | Found a hazy altar of Hepliaklqana.
  2329 | D:2      | Killed Jessica
  2329 | D:2      | Reached XP level 4. HP: 32/36 MP: 1/5
  2443 | D:2      | Found an ancient bone altar of Kikubaaqudgha.
  2443 | D:2      | Noticed a human
  2448 | D:2      | Killed a human
  2486 | D:2      | Found a runed door.
  2490 | D:2      | Noticed Crazy Yiuf
  2514 | D:2      | Killed Crazy Yiuf
  2514 | D:2      | Reached skill level 5 in Bows
  2844 | D:2      | Noticed Robin
  2922 | D:2      | Killed Robin
  3300 | D:3      | Found a snail-covered altar of Cheibriados.
  3300 | D:3      | Found a hide-covered altar of Uskayaw.
  3350 | D:3      | Reached XP level 5. HP: 38/42 MP: 6/6
  3852 | D:3      | Noticed Sigmund
  3956 | D:3      | Killed Sigmund
  3956 | D:3      | Reached skill level 6 in Bows
  3956 | D:3      | Reached XP level 6. HP: 36/51 MP: 4/7
  4464 | D:4      | Noticed a slave
  4465 | D:4      | Noticed Pikel
  4465 | D:4      | Noticed a slave
  4466 | D:4      | Noticed a slave
  4506 | D:3      | Reached skill level 7 in Bows
  4583 | D:4      | Found a glowing golden altar of the Shining One.
  4867 | D:4      | Noticed a slave
  4943 | D:4      | Slain by a slave

Vault maps used:
D:1:      minmay_arrival_diagonal_passages
D:2:      old_standard_altar, tgw_kikubaaqudgha, uniq_crazy_yiuf_cottage,
          uniq_robin, uniq_jessica
D:3:      gammafunk_temple_overflow_elements, uniq_sigmund
D:4:      nicolae_tso_besieged_by_evil, uniq_pikel

Skill      XL: |  1  2  3  4  5  6 |
---------------+-------------------+-----
Bows           | 3 4 5 6 7 |  7.3
Hexes          | 3 4 |  4.1
Fighting       | 2 3 |  3.6
Dodging        | |  1.3
Spellcasting   | |  1.0

Action                   |  1- 3 |  4- 6 || total
-------------------------+-------+-------++-------
Melee: Short sword       |    79 |       ||    79
       Kick              |    20 |    22 ||    42
       Dagger            |    29 |   108 ||   137
 Fire: Shortbow          |    22 |    88 ||   110
 Cast: Inner Flame       |       |     3 ||     3
       Corona            |       |    11 ||    11
  Use: Scroll            |       |     7 ||     7
  Eat: Chunk             |     3 |     8 ||    11
Armor: Robe              |    54 |    68 ||   122
Dodge: Dodged            |    50 |    93 ||   143

Table legend:
 A = Non-vault XP
 B = Vault XP
 C = Vault XP percentage of total XP
 D = Non-vault monster count
 E = Vault monster count
 F = Vault count percentage of total count
                 A         B        C        D         E       F
            +---------+---------+-------+---------+---------+-------
      Total |     331 |     367 |  52.6 |      73 |      20 |  21.5
            +---------+---------+-------+---------+---------+-------
        D:1 |      37 |       0 |   0.0 |      21 |       0 |   0.0
        D:2 |      48 |     103 |  68.2 |      25 |       8 |  24.2
        D:3 |      78 |     208 |  72.7 |      16 |       1 |   5.9
        D:4 |     168 |      56 |  25.0 |      11 |      11 |  50.0
            +---------+---------+-------+---------+---------+-------
